 Dungeon Crawl Stone Soup version 0.20.1-1-g8b1a95d (webtiles) character file.

94 n0claF the Grave Robber (level 4, -2/31 HPs)
             Began as a Mummy Necromancer on Oct 26, 2017.
             Slain by a gnoll
             ... wielding a +0 flail
              (11 damage)
             ... on level 2 of the Dungeon.
             The game lasted 00:10:14 (1953 turns).

n0claF the Grave Robber (Mummy Necromancer)         Turns: 1953, Time: 00:10:15

Health: -2/31      AC:  4    Str: 11    XL:     4   Next: 38%
Magic:  0/9        EV: 12    Int: 15    God:
Gold:   89         SH:  0    Dex: 17    Spells: 8/10 levels left

rFire    x . .     SeeInvis .   i - +0 hand axe
rCold    + . .     Gourm    .   (no shield)
rNeg     + + +     Faith    .   a - +0 robe
rPois    ∞         Spirit   .   f - +2 hat
rElec    .         Reflect  .   (no cloak)
rCorr    .         Harm     .   (no gloves)
MR       .....                  (no boots)
Stlth    ++........             (no amulet)
Regen    0.1/turn               j - +5 ring of dexterity
MPRegen  0.2/turn               l - ring of flight

@: no status effects
A: no food or potions, fire vulnerability, cold resistance 1, negative energy
resistance 3, torment resistance, unbreathing
a: Evoke Flight


You were on level 2 of the Dungeon.
You were not hungry.

You visited 1 branch of the dungeon, and saw 2 of its levels.

You collected 89 gold pieces.

Inventory:

Hand Weapons
 i - a +0 hand axe (weapon)
Armour
 a - a +0 robe (worn)
 f - a +2 hat (worn)
Jewellery
 j - a +5 ring of dexterity (left hand)
 l - a ring of flight (right hand)
Scrolls
 d - 3 scrolls of identify
 e - a scroll of teleportation
 g - a scroll of blinking {unknown}
 h - a scroll of enchant armour {unknown}
 k - a scroll of magic mapping {unknown}
 m - a scroll of enchant weapon {unknown}
Books
 b - a book of Necromancy

   Spells                             Type                      Level
   a - Pain                           Necromancy                   1
   b - Animate Skeleton               Necromancy                   1
   c - Vampiric Draining              Necromancy                   3
   d - Regeneration                   Charms/Necromancy            3
   e - Animate Dead                   Necromancy                   4
   f - Control Undead                 Necromancy                   4


   Skills:
 + Level 0.6 Fighting
 + Level 1.6 Dodging
 + Level 1.9 Stealth
 + Level 3.6 Spellcasting
 + Level 5.2 Necromancy


You had 8 spell levels left.
You knew the following spells:

 Your Spells              Type           Power        Failure   Level  Hunger
a - Pain                  Necr           ###.         2%          1    N/A
b - Animate Skeleton      Necr           N/A          2%          1    N/A

Dungeon Overview and Level Annotations

Branches:
Dungeon (2/15)

Altars:


Innate Abilities, Weirdness & Mutations

You do not eat or drink.
Your flesh is vulnerable to fire.
You are immune to poison.
Your flesh is cold resistant. (rC+)
You are immune to negative energy. (rN+++)
You are immune to unholy pain and torment.
You can survive without breathing.


Message History

Aiming: Pain
Press: ? - help, Shift-Dir - straight line, f - gnoll
Aim: a gnoll, wielding a club (chance to defeat MR: 84%)
The gnoll writhes in agony!
The gnoll misses you. The gnoll completely misses you.
Casting: Pain
Confirm with . or Enter, or press ? or * to list all spells.
Aiming: Pain
Press: ? - help, Shift-Dir - straight line, f/p - gnoll
Aim: a gnoll, wielding a club (lightly wounded, chance to defeat MR: 84%)
The gnoll writhes in agony!
The gnoll misses you. The gnoll barely misses you.
The gnoll hits you but does no damage.
Casting: Pain
Confirm with . or Enter, or press ? or * to list all spells.
Aiming: Pain
Press: ? - help, Shift-Dir - straight line, f/p - gnoll
Aim: a gnoll, wielding a club (heavily wounded, chance to defeat MR: 84%)
The gnoll writhes in agony!
The gnoll closely misses you. The gnoll hits you with a flail!
You die...

#.........##.#
##.#.#..
#########.##.#
#.#.... #.##.#
#..##.. #.##.#
#..##.. #.##.#
#...#.. #########
#.##.# #.#.#..
#####.......# #.##.#
#.#....
........$.).###.##.#
#.##...
..........gg@......##
#)##..)
........?..g##......#
#.##...
...........r........#
#.##...
.....####...##......#
#.##... )....
#...##....).# #.###..
###.
#...##.....÷###.###..
#
##.###.........÷.....
#.# #.........####..
#..................>


You could see 3 gnolls and a rat.

Vanquished Creatures
  Natasha (D:2)
  A gnoll (D:2)
  2 adders (D:2)
  A dart slug (D:2)
  A giant cockroach (D:1)
  4 goblins
  7 hobgoblins
  3 jackals (D:1)
  A quokka (D:2)
  2 ball pythons
  8 bats
  3 kobolds
  5 rats
39 creatures vanquished.

Notes
Turn   | Place    | Note
-------+----------+-------------------------------------------
     0 | D:1      | n0claF the Mummy Necromancer began the quest for the Orb.
     0 | D:1      | Reached XP level 1. HP: 13/13 MP: 4/4
   333 | D:1      | Reached XP level 2. HP: 19/19 MP: 1/5
  1175 | D:2      | Reached XP level 3. HP: 24/24 MP: 0/7
  1551 | D:2      | Learned a level 1 spell: Animate Skeleton
  1656 | D:2      | Noticed Natasha
  1675 | D:2      | Killed Natasha
  1675 | D:2      | Reached skill level 5 in Necromancy
  1675 | D:2      | Reached XP level 4. HP: 7/31 MP: 1/9
  1953 | D:2      | Slain by a gnoll

Skill      XL: |  1  2  3 |
---------------+----------+-----
Spellcasting   | 3 |  3.6
Necromancy     | 5 |  5.2
Fighting       | |  0.6
Dodging        | |  1.6
Stealth        | |  1.9

Action                   |  1- 3 |  4- 6 || total
-------------------------+-------+-------++-------
Melee: Unarmed           |    17 |       ||    17
       Dagger            |    19 |       ||    19
       Hand axe          |    18 |       ||    18
 Cast: Pain              |    67 |    12 ||    79
  Use: Scroll            |       |     2 ||     2
Armor: Robe              |    25 |     3 ||    28
Dodge: Dodged            |    63 |    16 ||    79
